 Dungeon Crawl Stone Soup version 0.19.4-10-g532645f (webtiles) character file.

217 Magnus the Insei (level 5, -2/44 HPs)
             Began as a Naga Transmuter on Feb 26, 2017.
             Slain by a hound (4 damage)
             ... on level 2 of the Dungeon.
             The game lasted 00:13:40 (5900 turns).

Magnus the Insei (Naga Transmuter)                  Turns: 5900, Time: 00:13:40

Health: -2/44      AC:  3    Str: 17    XL:     5   Next: 94%
Magic:  4/8        EV: 10    Int: 14    God:
Gold:   208        SH:  0    Dex: 12    Spells: 2 memorised, 4 levels left

rFire  . . .     SeeInvis +       - Unarmed
rCold  . . .     Gourm    .     b - +0 robe
rNeg   . . .     Faith    .     (no shield)
rPois  +         Spirit   .     (no helmet)
rElec  .         Reflect  .     o - +0 cloak
rCorr  .         Harm     .     (no gloves)
MR     .....                    (no barding)
Stlth  +.........               (no amulet)
                                (no ring)
                                (no ring)

@: mighty, very slightly contaminated, invisible, very slow
A: see invisible, deformed body, poison resistance, slowness 2, slow metabolism
1, spit poison 1, AC +1
a: Spit Poison


You were on level 2 of the Dungeon.
You were very hungry.

You visited 1 branch of the dungeon, and saw 4 of its levels.

You collected 208 gold pieces.

Inventory:

Missiles
 a - 47 arrows
Armour
 b - a +0 robe (worn)
 o - a +0 cloak (worn)
Jewellery
 p - an uncursed amulet of faith
Scrolls
 f - 2 scrolls of remove curse
 n - a scroll of identify
Potions
 l - a potion of lignification {unknown}
 m - a potion of cancellation {unknown}
 q - a potion of heal wounds {unknown}
 s - a potion of might
 u - 2 potions of curing {unknown}
Books
 c - a book of Changes

   Spells                             Type                      Level
   a - Beastly Appendage              Transmutation                1
   b - Sticks to Snakes               Transmutation                2
   c - Spider Form                    Transmutation/Poison         3
   d - Ice Form                       Ice/Transmutation            4
   e - Blade Hands                    Transmutation                5
 j - a book of Conjurations

   Spells                             Type                      Level
   a - Magic Dart                     Conjuration                  1
   b - Searing Ray                    Conjuration                  2
   c - Dazzling Spray                 Conjuration/Hexes            3
   d - Fulminant Prism                Conjuration/Hexes            4
   e - Iskenderun's Mystic Blast      Conjuration                  4
   f - Iskenderun's Battlesphere      Conjuration/Charms           5
Comestibles
 d - 2 bread rations
 g - a chunk of flesh
 i - a meat ration


   Skills:
 - Level 1.0 Fighting
 - Level 1.5 Dodging
 + Level 5.0 Unarmed Combat
 - Level 2.0 Spellcasting
 + Level 4.3 Transmutations


You had 4 spell levels left.
You knew the following spells:

 Your Spells              Type           Power        Failure   Level  Hunger
a - Beastly Appendage     Tmut           ##....       4%          1    ##.....
b - Spider Form           Tmut/Pois      #.........   30%         3    ####...


Dungeon Overview and Level Annotations

Branches:
Dungeon (4/15)             Temple (0/1) D:4

Altars:

Annotations:
D:4 Blork the orc, Pikel


Innate Abilities, Weirdness & Mutations

You cannot wear boots.
Your serpentine skin is tough. (AC +1)
You have supernaturally acute eyesight. (SInv)
Armour fits poorly on your strangely shaped body.
Your system is resistant to poisons. (rPois)
You cover ground very slowly.
You have a slow metabolism.
You can spit poison.


Message History

There is a stone staircase leading up here.
The hound closely misses you.
You climb upwards.
There is a stone staircase leading down here.
It was a potion of invisibility.
You fade into invisibility!
You feel yourself slow down. The hound bites you but does no damage.
You barely miss the hound.
You are feeling very hungry.
The hound bites you.
* * * LOW HITPOINT WARNING * * *
It was a potion of might.
You feel very mighty all of a sudden. The hound bites you.
* * * LOW HITPOINT WARNING * * *
The hound closely misses you. The hound barely misses you.
The hound barely misses you. The hound bites you.
You die...

#.###..........# #.....#
#..............####.....#####
#####..........'.............
####..........##############
#..'................#
#.##...............)#
#.....#...#.).......########
#####.#.#>..................
#..)#.....#@........###.....
#.#.#.....h.................
#.#.#)#.#.#.......#####.....
#.#.#.#.#.#######.# #.....
#.#...#>#+#######.# #.....
#.#####...........# #.....
#.....#...........# #.....
#####.#...........# #.....
#.#...........# #.....


You could see a hound.

Vanquished Creatures
  A slave (D:3)
  A scorpion (D:3)
  Crazy Yiuf (D:2)
  An orc wizard (D:3)
  3 adders
  An ooze (D:3)
  2 worms
  2 dart slugs (D:1)
  A leopard gecko (D:1)
  8 bats
  5 giant cockroaches
  4 goblins
  10 hobgoblins
  7 jackals
  14 kobolds
  2 quokkas
  2 ball pythons
  6 frilled lizards
  A leopard gecko skeleton (D:3)
  10 rats
  A fungus (D:2)
83 creatures vanquished.

Notes
Turn   | Place    | Note
-------+----------+-------------------------------------------
     0 | D:1      | Magnus the Naga Transmuter began the quest for the Orb.
     0 | D:1      | Reached XP level 1. HP: 18/18 MP: 3/3
   194 | D:1      | Reached XP level 2. HP: 24/25 MP: 5/5
  1126 | D:1      | Reached XP level 3. HP: 19/31 MP: 6/6
  1244 | D:1      | Learned a level 3 spell: Spider Form
  2541 | D:2      | Found a faded altar of an unknown god.
  2982 | D:2      | Found a runed door.
  2986 | D:2      | Noticed Crazy Yiuf
  2998 | D:2      | Killed Crazy Yiuf
  2998 | D:2      | Reached skill level 4 in Unarmed Combat
  2998 | D:2      | Reached XP level 4. HP: 4/38 MP: 1/7
  4217 | D:3      | Reached XP level 5. HP: 35/44 MP: 8/8
  5159 | D:4      | Found a staircase to the Ecumenical Temple.
  5159 | D:4      | Noticed a slave
  5159 | D:4      | Noticed a slave
  5159 | D:4      | Noticed an ogre
  5161 | D:4      | Noticed Pikel
  5161 | D:4      | Noticed a slave
  5202 | D:4      | Noticed Blork the orc
  5590 | D:4      | Noticed a slave
  5612 | D:3      | Killed a slave
  5859 | D:3      | Reached skill level 5 in Unarmed Combat
  5897 | D:2      | HP: 2/44 [hound (3)]
  5900 | D:2      | Slain by a hound

Skill      XL: |  1  2  3  4  5 |
---------------+----------------+-----
Transmutations | 3 4 |  4.3
Unarmed Combat | 4 5 |  5.0
Fighting       | |  1.0
Dodging        | |  1.5
Spellcasting   | |  2.0

Action                   |  1- 3 |  4- 6 || total
-------------------------+-------+-------++-------
Melee: Unarmed           |   189 |   168 ||   357
       Punch             |     3 |     1 ||     4
       Headbutt          |       |     1 ||     1
 Cast: Spider Form       |     1 |     3 ||     4
       Beastly Appendage |       |     2 ||     2
 Abil: Spit Poison       |    10 |     8 ||    18
  Use: Scroll            |       |     5 ||     5
       Potion            |       |     3 ||     3
  Eat: Chunk             |     5 |     8 ||    13
Armor: Robe              |    30 |    52 ||    82
Dodge: Dodged            |    94 |   106 ||   200
